 Dungeon Crawl Stone Soup version 0.28-a0-657-g71136c5590 (webtiles) character file.

Game seed: 12432374453990293623

82 SkeletonJelly the Slasher (level 4, -3/38 HPs)
             Began as a Draconian Monk on Oct 14, 2021.
             Was an Initiate of Ashenzari.
             Frozen to death by an endoplasm (4 damage)
             ... on level 3 of the Dungeon.
             The game lasted 00:08:09 (2209 turns).

SkeletonJelly the Slasher (Draconian Monk)          Turns: 2209, Time: 00:08:10

Health: -3/38      AC:  5    Str: 14    XL:     4   Next: 21%
Magic:  4/4        EV: 13    Int: 11    God:    Ashenzari [......]
Gold:   63         SH:  0    Dex: 13    Spells: 3/3 levels left

rFire   . . .      SeeInvis .   a - +0 falchion "Sibylline Optimism" {Evo, Alch} (curse)
rCold   . . .      Faith    .   (no shield)
rNeg    . . .      Spirit   .   (armour unavailable)
rPois   +          Reflect  .   (helmet restricted)
rElec   .          Harm     .   (no cloak)
rCorr   .          Rampage  .   (no gloves)
Will    +....                   (no boots)
Stlth   ++........              (no amulet)
HPRegen 0.12/turn               i - ring of willpower
MPRegen 0.09/turn               k - ring of poison resistance

@: no status effects
A: AC +5, unfitting armour, cold-blooded
a: Renounce Religion, Curse Item, Shatter the Chains


You were on level 3 of the Dungeon.
You worshipped Ashenzari.
Ashenzari was noncommittal.
You visited 1 branch of the dungeon, and saw 3 of its levels.

You collected 63 gold pieces.

Inventory:

Hand Weapons
 a - the cursed +0 falchion "Sibylline Optimism" (weapon) {Evo, Alch}

   It has a curse which improves the following skills: Evocations: Evocations.
   Alchemy:   Poison Magic and Transmutations.
 b - a +2 vampiric dagger
 g - a +2 dagger of freezing
Missiles
 c - 2 boomerangs of dispersal (quivered)
 j - 5 javelins
Jewellery
 i - a ring of willpower (left hand)
 k - a ring of poison resistance (right hand)
 n - a ring of protection from fire
Scrolls
 f - a scroll of brand weapon
 l - a scroll of enchant weapon
 m - a scroll of fear
Potions
 d - a potion of might
 e - 2 potions of curing
 h - a potion of haste


   Skills:
 - Level 3.2 Fighting
 * Level 4.5 Long Blades
 + Level 3.4 Dodging
 - Level 1.7 Stealth


You had 3 spell levels left.
You didn't know any spells.
Your spell library was empty.

Dungeon Overview and Level Annotations

Branches:
Dungeon (3/15)

Altars:
Ashenzari

Shops:
D:2 *


Innate Abilities, Weirdness & Mutations

Your plain brown scales are hard. (AC +5)
You cannot fit into any form of body armour.
You are cold-blooded and may be slowed by cold attacks.


Message History

You hit the orc.
The orc is heavily wounded.
The orc barely misses you. The orc hits you with a +0 hand axe.
You take 1 damage, and have 31/38 hp.
You hit the orc.
The orc is severely wounded.
The orc hits you but does no damage. x2
You barely miss the orc.
The orc is severely wounded.
The orc misses you. The orc closely misses you.
The orc hits you with a +0 whip.
You take 1 damage, and have 30/38 hp.
You hit the orc.
You kill the orc!
The orc barely misses you. The orc hits you with a +0 whip.
You take 1 damage, and have 29/38 hp.
You closely miss the orc.
The endoplasm hits you but does no damage.
The orc hits you with a +0 hand axe. The orc closely misses you.
The endoplasm barely misses you.
You take 1 damage, and have 28/38 hp.
You closely miss the orc.
The orc misses you. x2; The endoplasm misses you.
The orc hits you with a +0 hand axe.
You take 5 damage, and have 23/38 hp.
You hit the orc.
The orc is severely wounded.
The orc barely misses you. The endoplasm freezes you.
You are frozen.
You feel yourself slow down. The orc hits you but does no damage.
You take 3 damage, and have 20/38 hp.
You barely miss the orc.
The orc is severely wounded.
The orc barely misses you. The endoplasm hits you. The orc closely misses you.
The orc hits you with a +0 whip.
You take 5 damage, and have 15/38 hp.
You are too injured to fight recklessly!
You are too injured to fight recklessly!
You are too injured to fight recklessly!
You are too injured to fight recklessly!
You are too injured to fight recklessly!
You are too injured to fight recklessly!
You are too injured to fight recklessly!
You are too injured to fight recklessly!
You are too injured to fight recklessly!
You are too injured to fight recklessly!
You are too injured to fight recklessly!
You are too injured to fight recklessly!
You are too injured to fight recklessly!
You are too injured to fight recklessly!
You are too injured to fight recklessly!
You are too injured to fight recklessly!
You are too injured to fight recklessly!
You are too injured to fight recklessly!
You are too injured to fight recklessly!
You are too injured to fight recklessly!
You are too injured to fight recklessly!
You are too injured to fight recklessly!
You are too injured to fight recklessly!
You are too injured to fight recklessly!
You are too injured to fight recklessly!
You are too injured to fight recklessly!
You are too injured to fight recklessly!
You are too injured to fight recklessly!
You closely miss the orc.
The orc is severely wounded.
The endoplasm hits you. The orc hits you but does no damage.
The orc misses you.
The endoplasm hits you but does no damage.
The orc closely misses you. x2
You take 3 damage, and have 12/38 hp.
You hit the orc.
You kill the orc!
You feel yourself speed up.
The endoplasm hits you but does no damage.
The endoplasm freezes you.
You are frozen.
* * * LOW HITPOINT WARNING * * *
The orc hits you but does no damage.
You take 3 damage, and have 9/38 hp.
You barely miss the orc. The endoplasm freezes you.
You are frozen.
* * * LOW HITPOINT WARNING * * *
You feel yourself slow down. The orc barely misses you. The orc misses you.
You take 2 damage, and have 7/38 hp.
You hit the orc.
The orc is heavily wounded.
The endoplasm closely misses you.
The orc hits you with a +1 short sword of venom.
* * * LOW HITPOINT WARNING * * *
The orc hits you with a +0 whip.
* * * LOW HITPOINT WARNING * * *
You take 6 damage, and have 1/38 hp.
You hit the orc.
You kill the orc!
You feel yourself speed up. The endoplasm freezes you.
You are frozen.
You die...

... ### #... #.####
#.... ###....# #....#
##......###.....#
##.........#.....#
##.#....!.#......##
####.........#J###.$.#
+.>....##.##.)@#⌠#....
####.....#...#o###...#
##.#..#.###......##
###....# ####.###
#.#### .# #.# .# #.#
##### #.# ....# #.#


You could see an orc and an endoplasm.

Vanquished Creatures
  An adder (D:3)
  A dart slug (D:1)
  3 orcs (D:3)
  3 endoplasms (D:1)
  3 giant cockroaches
  4 goblins
  5 hobgoblins
  8 jackals
  5 quokkas
  9 ball pythons
  5 bats
  4 frilled lizards
  6 kobolds
  4 rats
61 creatures vanquished.

Notes
Turn   | Place    | Note
-------+----------+-------------------------------------------
     0 | D:1      | SkeletonJelly the Draconian Monk began the quest for the
                  | Orb.
     0 | D:1      | Reached XP level 1. HP: 19/19 MP: 1/1
   262 | D:1      | Reached XP level 2. HP: 26/26 MP: 2/2
   634 | D:1      | Found a faded altar of an unknown god.
   735 | D:1      | Prayed at the altar of an unknown god.
   735 | D:1      | Became a worshipper of Ashenzari the Shackled
   876 | D:1      | Reached XP level 3. HP: 20/31 MP: 3/3
  1026 | D:1      | Reached skill level 4 in Long Blades
  1584 | D:2      | Found Kuseam's Assorted Antiques.
  1985 | D:3      | Reached XP level 4. HP: 32/38 MP: 4/4
  2208 | D:3      | HP: 1/38 [orc (3)]
  2209 | D:3      | Frozen to death by an endoplasm

Illustrated notes

Levels and vault maps discovered:
D:1:      tarquinn_simple_flora_water_a, layout_rooms,
          shapermc_ecumenical_altar_pompeii, minmay_misc_feat_roman,
          eino_curves_01, amcnicky_mini_rare_corridor_liquid
D:2:      layout_rooms, serial_shops, nicolae_shop_behind_doors
D:3:      layout_loops_corners, corexii_hall_statues_s, feat_on_display

Skill      XL: |  1  2  3 |
---------------+----------+-----
Dodging        | 3 |  3.4
Long Blades    | 4 |  4.5
Fighting       | |  3.2
Stealth        | |  1.7

Action                   |  1- 3 |  4- 6 || total
-------------------------+-------+-------++-------
Melee: Falchion          |   171 |    20 ||   191
       Tailslap          |    21 |     2 ||    23
Invok: Curse Item        |     1 |       ||     1
 Stab: Sleeping          |     3 |       ||     3
       Distracted        |     1 |       ||     1
Armor: Skin              |    63 |    10 ||    73
Dodge: Dodged            |   148 |    29 ||   177

Table legend: (Time is in decaauts)
 A = Elapsed time spent in this place.
 B = Non-inter-level travel time spent in this place.
 C = Inter-level travel time spent in this place.
 D = Time resting spent in this place.
 E = Time spent auto-exploring this place.
 F = Levels seen in this place.
 G = Mean time per level.
                   A        B        C        D        E       F      G
               +--------+--------+--------+--------+--------+-----+--------+
         Total |   2230 |   2122 |    108 |      0 |   1688 |   3 |  743.3 |
       Dungeon |   2230 |   2122 |    108 |      0 |   1688 |   3 |  743.3 |
               +--------+--------+--------+--------+--------+-----+--------+

Top non-repeatable levels by time:
     D:1: 1251 daAuts
     D:2: 647 daAuts
     D:3: 331 daAuts
